 Dungeon Crawl Stone Soup version 0.22.0-25-g7663229 (webtiles) character file.

933 Loudmushroom the Chopper (level 7, 0/62 HPs)
             Began as a Minotaur Fighter on Aug 20, 2018.
             Slain by Pikel
             ... wielding a +0 whip of flaming
              (1 damage)
             ... on level 4 of the Dungeon.
             The game lasted 00:16:38 (4419 turns).

Loudmushroom the Chopper (Minotaur Fighter)         Turns: 4419, Time: 00:16:39

Health: 0/62       AC:  0    Str: 21    XL:     7   Next: 86%
Magic:  6/6        EV: 17    Int:  5    God:
Gold:   105        SH:  0    Dex: 16    Spells: 6/6 levels left

rFire    . . .     SeeInvis .   (weapon currently unavailable)
rCold    . . .     Gourm    .   (shield currently unavailable)
rNeg     . . .     Faith    .   (armour currently unavailable)
rPois    .         Spirit   .   (helmet currently unavailable)
rElec    .         Reflect  .   (cloak currently unavailable)
rCorr    .         Harm     .   (gloves currently unavailable)
MR       .....                  (boots currently unavailable)
Stlth    +.........             (no amulet)
HPRegen  0.20/turn              (ring currently unavailable)
MPRegen  0.10/turn              (ring currently unavailable)

@: bat-form, flying, very quick
A: tiny, (retaliatory headbutt)
a: no special abilities


You were on level 4 of the Dungeon.
You were very hungry.
You were in bat-form.
You visited 1 branch of the dungeon, and saw 4 of its levels.

You collected 105 gold pieces.

Inventory:

Hand Weapons
 a - a +0 war axe (melded)
 b - a +0 hunting sling
 x - a +0 scythe
 G - a +0 vampiric war axe
Missiles
 e - 167 stones
 h - 5 tomahawks (quivered)
 o - 64 arrows
 s - 21 poisoned needles
 t - 8 needles of paralysis
 F - 13 bolts
Armour
 c - a +0 shield (melded)
 z - a +0 plate armour (melded)
Jewellery
 p - an uncursed amulet of magic regeneration {unknown}
 B - an uncursed ring of wizardry {unknown}
Wands
 E - a wand of polymorph (12)
Scrolls
 g - 2 scrolls of enchant armour {unknown}
 i - 4 scrolls of identify {unknown}
 j - 2 scrolls of fog {unknown}
 m - a scroll of remove curse {unknown}
 n - 4 scrolls of immolation {unknown}
 q - a scroll of magic mapping {unknown}
 r - a scroll of teleportation {unknown}
 u - a scroll of amnesia {unknown}
 y - a scroll of noise {unknown}
 C - a scroll of fear {unknown}
 D - a scroll of enchant weapon {unknown}
Potions
 d - a potion of might
 k - 4 potions of curing {unknown}
 l - a potion of heal wounds {unknown}
 v - a potion of flight {unknown}
 w - a potion of berserk rage {unknown}
 A - a potion of ambrosia {unknown}
 H - a potion of degeneration {unknown}
 I - a potion of agility {unknown}
Comestibles
 f - 5 rations


   Skills:
 + Level 5.9 Fighting
 * Level 7.2 Axes
 + Level 6.0 Armour
 + Level 6.0 Shields
 + Level 0.6 Evocations


You had 6 spell levels left.
You didn't know any spells.
Your spell library was empty.

Dungeon Overview and Level Annotations

Branches:
Dungeon (4/15)
 Temple: D:4-7

Altars:
Makhleb
Sif Muna

Annotations:
D:4 Pikel


Innate Abilities, Weirdness & Mutations

((You reflexively headbutt those who attack you in melee.))
((You have a pair of horns on your head.))


Message History

Your +0 plate armour melds into your body.
The slave completely misses you. The slave closely misses you.
You barely miss Pikel.
Pikel is heavily wounded.
Pikel zaps a wand.
You resist with some effort. The slave closely misses you. The slave hits you.
The slave hits you!
* * * LOW HITPOINT WARNING * * *
You barely miss Pikel.
Pikel is heavily wounded.
Pikel barely misses you. The slave misses you. x2
You closely miss Pikel.
Pikel is heavily wounded.
The slave hits you.
* * * LOW HITPOINT WARNING * * *
The slave hits you.
* * * LOW HITPOINT WARNING * * *
Pikel hits you with a whip of flaming!
* * * LOW HITPOINT WARNING * * *
Pikel burns you.
You die...

#..###..#...####
###....#...###..
#####...####.. ######
##..####... ##....#
##..)###.... ##.....##
##.........#.
##..###..####........####
#.##..## #pKp...####...##
# #....## ##bp..## #..##
# #...## ###### #..# #
#..# #..# # ..K. #..# ##
#.pp #..# #. #.p.. ##..#
#. .... ##...# #. ##..
##...## ## #..### #


You could see Pikel and 3 slaves.

Vanquished Creatures
  Grinder (D:3)
  Sigmund (D:3)
  Eustachio (D:4)
  A slave (D:4)
  Blork the orc (D:4)
  3 hounds (D:4)
  Jessica (D:3)
  3 worker ants
  An orc wizard (D:4)
  6 adders
  An ooze (D:2)
  An adder skeleton (D:4)
  2 worms (D:3)
  3 dart slugs
  4 leopard geckos
  8 orcs
  12 bats
  3 giant cockroaches (D:3)
  9 goblins
  9 hobgoblins
  11 jackals
  3 quokkas
  A ball python (D:2)
  7 frilled lizards
  5 kobolds
  6 rats
104 creatures vanquished.

Notes
Turn   | Place    | Note
-------+----------+-------------------------------------------
     0 | D:1      | Loudmushroom the Minotaur Fighter began the quest for the Orb.
     0 | D:1      | Reached XP level 1. HP: 19/19 MP: 0/0
   221 | D:1      | Reached XP level 2. HP: 27/27 MP: 1/1
   329 | D:1      | Reached skill level 3 in Axes
   570 | D:1      | Reached XP level 3. HP: 30/33 MP: 2/2
  1525 | D:2      | Reached XP level 4. HP: 40/40 MP: 3/3
  1921 | D:3      | Reached skill level 4 in Axes
  2141 | D:3      | Noticed Sigmund
  2155 | D:3      | Killed Sigmund
  2155 | D:3      | Reached skill level 5 in Axes
  2155 | D:3      | Reached XP level 5. HP: 11/47 MP: 4/4
  2155 | D:3      | Reached XP level 6. HP: 13/55 MP: 5/5
  2580 | D:3      | Noticed Jessica
  2594 | D:3      | Killed Jessica
  2791 | D:3      | Reached skill level 5 in Shields
  2900 | D:3      | Reached skill level 5 in Armour
  2969 | D:3      | Noticed Grinder
  2989 | D:3      | Killed Grinder
  2989 | D:3      | Reached skill level 5 in Fighting
  2989 | D:3      | Reached skill level 6 in Axes
  2989 | D:3      | Reached XP level 7. HP: 33/61 MP: 6/6
  3311 | D:4      | Noticed Eustachio
  3507 | D:4      | Killed Eustachio
  3807 | D:4      | Found a burning altar of Makhleb.
  3808 | D:4      | Found a deep blue altar of Sif Muna.
  3921 | D:4      | Reached skill level 7 in Axes
  3967 | D:4      | Noticed Blork the orc
  3973 | D:4      | Killed Blork the orc
  4390 | D:4      | Noticed Pikel
  4419 | D:4      | HP: 1/62 [Pikel/whip of flaming (7)]
  4419 | D:4      | Slain by Pikel

Skill      XL: |  1  2  3  4  5  6  7 |
---------------+----------------------+-----
Axes           | 3 5 6 7 |  7.2
Armour         | 4 5 6 |  6.0
Shields        | 4 5 6 |  6.0
Fighting       | 4 5 |  5.9
Evocations     | |  0.6

Action                   |  1- 3 |  4- 6 |  7- 9 || total
-------------------------+-------+-------+-------++-------
Melee: War axe           |    83 |    97 |    97 ||   277
       Headbutt          |     8 |    15 |    17 ||    40
       Unarmed           |       |       |     3 ||     3
  Eat: Chunk             |     2 |     2 |     3 ||     7
       Ration            |       |     1 |       ||     1
Armor: Scale mail        |    43 |    18 |       ||    61
       Chain mail        |       |     6 |       ||     6
       Plate armour      |       |    34 |   154 ||   188
Dodge: Dodged            |    38 |    22 |    56 ||   116
Block: Shield            |    73 |    48 |   126 ||   247
